 Dungeon Crawl Stone Soup version 0.23.2-1-ga50397a (webtiles) character file.

Game seed: 11238716687815139072

4797 TrebMcFLY the Cleaver (level 10, -2/92 HPs)
             Began as a Deep Dwarf Fighter on May 14, 2019.
             Was a High Priest of Makhleb.
             Slain by a two-headed ogre
             ... wielding a +0 giant spiked club
              (6 damage)
             ... on level 9 of the Dungeon.
             The game lasted 00:37:43 (7641 turns).

TrebMcFLY the Cleaver (Deep Dwarf Fighter)          Turns: 7641, Time: 00:37:44

Health: -2/92      AC: 15    Str: 24    XL:     10   Next: 24%
Magic:  22/22 (13) EV:  5    Int:  8    God:    Makhleb [*****.]
Gold:   459        SH: 16    Dex: 12    Spells: 9/9 levels left

rFire    x . .     SeeInvis .   a - +0 war axe
rCold    + . .     Gourm    .   c - +0 shield
rNeg     . . .     Faith    .   J - +0 plate armour
rPois    .         Spirit   .   (no helmet)
rElec    .         Reflect  +   (no cloak)
rCorr    .         Harm     .   (no gloves)
MR       +....                  E - +1 pair of boots
Stlth    ..........             G - +5 amulet of reflection
HPRegen  0.00/turn              l - ring of ice
MPRegen  0.18/turn              w - ring of magical power

@: non-regenerating
A: damage resistance, heal wounds, sense surroundings 2, no regeneration
a: Heal Wounds, Minor Destruction, Lesser Servant of Makhleb, Major Destruction,
Greater Servant of Makhleb, Renounce Religion


You were on level 9 of the Dungeon.
You worshipped Makhleb.
Makhleb was extremely pleased with you.
You were not hungry.

You visited 1 branch of the dungeon, and saw 9 of its levels.
You also visited: Sewer.

You collected 571 gold pieces.
You spent 112 gold pieces at shops.

Inventory:

Hand Weapons
 a - a +0 war axe (weapon)
Armour
 c - a +0 shield (worn)
 E - a +1 pair of boots (worn)
 J - a +0 plate armour (worn)
Jewellery
 l - a ring of ice (left hand)
 w - a ring of magical power (right hand)
 G - a +5 amulet of reflection (around neck)
 I - an uncursed ring of fire
Wands
 t - a wand of polymorph (9)
 D - a wand of clouds (12)
 H - a wand of random effects (21)
 K - a wand of flame (17)
Scrolls
 e - a scroll of enchant weapon {unknown}
 h - 5 scrolls of magic mapping {unknown}
 i - a scroll of immolation {unknown}
 m - 4 scrolls of identify
 n - 6 scrolls of remove curse
 o - a scroll of amnesia {unknown}
 s - 4 scrolls of teleportation
 v - a scroll of random uselessness {unknown}
 y - 3 scrolls of fog {unknown}
 z - 3 scrolls of blinking {unknown}
 F - a scroll of enchant armour {unknown}
 M - a scroll of noise {unknown}
Potions
 b - a potion of lignification {unknown}
 d - 2 potions of might
 g - a potion of berserk rage {unknown}
 j - 2 potions of haste {unknown}
 k - 6 potions of curing
 p - 3 potions of agility
 q - 3 potions of invisibility
 r - 3 potions of heal wounds
 u - 2 potions of degeneration {unknown}
 x - a potion of ambrosia {unknown}
 A - 4 potions of magic
 B - 2 potions of brilliance {unknown}
 C - a potion of cancellation {unknown}
 L - a potion of resistance {unknown}
Comestibles
 f - 16 rations
 N - 9 chunks of flesh


   Skills:
 + Level 6.3 Fighting
 * Level 10.1 Axes
 + Level 7.6 Armour
 + Level 7.6 Shields
 + Level 6.8 Invocations


You had 9 spell levels left.
You didn't know any spells.
Your spell library contained the following spells:

 Spells                   Type           Power        Failure   Level  Hunger
 Corona                   Hex            #......      100%        1    ##.....
 Slow                     Hex            #.......     100%        2    ###....
 Inner Flame              Hex/Fire       #.......     100%        3    ####...
 Portal Projectile        Hex/Tloc       #.....       100%        3    ####...
 Cause Fear               Hex            #.........   100%        4    #####..
 Leda's Liquefaction      Hex/Erth       #.........   100%        4    #####..


Dungeon Overview and Level Annotations

Branches:
Dungeon (9/15)             Temple (0/1) D:4
   Lair: D:8-11         Orc: D:9-12

Altars:
Ashenzari
Cheibriados
Kikubaaqudgha
Makhleb
Qazlal
Trog
Yredelemnul

Shops:
D:7 *

Annotations:
D:6 2 runed translucent doors, Killmatronix's ghost, novice KoHu


Innate Abilities, Weirdness & Mutations

You are resistant to damage.
You can heal yourself by infusing magical energy.
You passively map the area around you.
You do not regenerate.


Message History

You hit the two-headed ogre but do no damage.
The two-headed ogre is lightly wounded.
The two-headed ogre hits you but does no damage. x2
You slash the two-headed ogre!
The two-headed ogre is moderately wounded.
You hit the two-headed ogre.
The two-headed ogre is heavily wounded.
The two-headed ogre hits you with a +0 giant spiked club!!
* * * LOW HITPOINT WARNING * * *
The two-headed ogre hits you with a +0 giant spiked club.
* * * LOW HITPOINT WARNING * * *
You slice the two-headed ogre!!
The two-headed ogre is almost dead.
The two-headed ogre hits you with a +0 giant spiked club!
* * * LOW HITPOINT WARNING * * *
You block the two-headed ogre's attack.
You slash the two-headed ogre!
The two-headed ogre is almost dead.
The two-headed ogre hits you with a +0 giant spiked club!
You die...

..............<...#
.#................#
..?.........#.....#
...#######........#
##,* #..#.....#..# *
#..#.#......#
######..#........#
#.......#......O.#
########'#..รท...@.#
............#.....#
..#...#..........<#
..................#
###.........#...#.#
#..####...#.....#
#.........#.....# *
####......#..##.#
#.##...#.....#


You could see a two-headed ogre.

Vanquished Creatures
  A troll (D:9)
  Menkaure (D:5)
  Duvessa (D:7)
  5 orc warriors
  4 phantoms
  3 ice beasts
  2 sky beasts
  4 ogres
  A hornet zombie (D:8)
  A centaur (D:5)
  A crocodile (D:9)
  A big kobold (D:9)
  7 bullfrogs
  Dowan (D:7)
  3 scorpions
  4 wights (D:8)
  A howler monkey (D:4)
  5 crimson imps
  4 bullfrog zombies
  2 hounds
  A bullfrog skeleton (D:6)
  A jelly (D:5)
  6 orc priests
  A centaur skeleton (D:4)
  10 orc wizards
  Jessica (D:3)
  Natasha (D:3)
  5 worker ants
  3 worker ant zombies
  6 gnolls
  5 river rats (Sewer)
  21 adders
  A shadow imp (D:7)
  An ooze (D:3)
  An adder skeleton (D:6)
  8 worms
  A dart slug (D:2)
  6 leopard geckos
  39 orcs
  6 bats
  7 giant cockroaches
  9 hobgoblins
  13 jackals
  5 quokkas
  15 ball pythons
  4 frilled lizards
  3 goblins
  2 jackal skeletons
  13 kobolds
  A leopard gecko skeleton (D:6)
  A quokka skeleton (D:5)
  28 rats
277 creatures vanquished.

Notes
Turn   | Place    | Note
-------+----------+-------------------------------------------
     0 | D:1      | TrebMcFLY the Deep Dwarf Fighter began the quest for the
                  | Orb.
     0 | D:1      | Reached XP level 1. HP: 20/20 MP: 1/1
   283 | D:1      | Reached XP level 2. HP: 24/27 MP: 2/2
   623 | D:2      | Reached skill level 3 in Axes
   626 | D:2      | Reached XP level 3. HP: 10/34 MP: 3/3
   819 | D:2      | Reached XP level 4. HP: 35/42 MP: 3/3
  1400 | D:3      | Found a snail-covered altar of Cheibriados.
  1448 | D:3      | Noticed Natasha
  1457 | D:3      | Killed Natasha
  1457 | D:3      | Reached skill level 4 in Axes
  1457 | D:3      | Reached XP level 5. HP: 28/49 MP: 4/4
  1606 | D:3      | Noticed Jessica
  1616 | D:3      | Killed Jessica
  1710 | D:3      | Found an ancient bone altar of Kikubaaqudgha.
  1880 | D:3      | Reached XP level 6. HP: 43/56 MP: 5/5
  1984 | D:3      | Found a shattered altar of Ashenzari.
  2018 | D:3      | Found a burning altar of Makhleb.
  2022 | D:3      | Became a worshipper of Makhleb the Destroyer
  2045 | D:3      | Found a bloodstained altar of Trog.
  2236 | D:4      | Found a glowing drain.
  2270 | Sewer    | Entered a sewer
  2379 | Sewer    | Reached skill level 5 in Axes
  2379 | Sewer    | Reached * piety under Makhleb
  2598 | Sewer    | Reached XP level 7. HP: 50/64 MP: 6/6
  2604 | Sewer    | Reached skill level 5 in Shields
  2730 | D:4      | Reached ** piety under Makhleb
  2747 | D:4      | Reached skill level 5 in Armour
  2803 | D:4      | Reached skill level 1 in Invocations
  2934 | D:4      | Reached skill level 6 in Axes
  3181 | D:4      | Found a staircase to the Ecumenical Temple.
  3723 | D:5      | Entered Level 5 of the Dungeon
  3815 | D:5      | HP: 3/66 [ogre/+0 giant club (27)]
  3816 | D:5      | Reached XP level 8. HP: 3/73 MP: 8/8
  4053 | D:5      | Reached skill level 7 in Axes
  4226 | D:5      | Noticed Menkaure
  4237 | D:5      | Killed Menkaure
  4671 | D:5      | Reached skill level 5 in Fighting
  4997 | D:6      | Reached skill level 8 in Axes
  5122 | D:6      | Gained mutation: You passively map the area around you.
                  | [Deep Dwarf growth]
  5122 | D:6      | Reached XP level 9. HP: 33/81 MP: 10/10
  5179 | D:6      | Reached *** piety under Makhleb
  5218 | D:6      | Found a runed translucent door.
  5268 | D:6      | Reached skill level 5 in Invocations
  5280 | D:6      | Noticed Killmatronix's ghost (novice KoHu)
  5328 | D:6      | Found a runed translucent door.
  5627 | D:7      | Noticed Dowan
  5631 | D:7      | Killed Dowan
  5631 | D:7      | Noticed Duvessa
  5653 | D:7      | Killed Duvessa
  5695 | D:7      | Reached **** piety under Makhleb
  5695 | D:7      | Reached skill level 9 in Axes
  5851 | D:7      | Found a basalt altar of Yredelemnul.
  5883 | D:7      | Found a stormy altar of Qazlal.
  5948 | D:7      | Found Viamnegu's General Store.
  5956 | D:7      | Bought a potion of heal wounds for 70 gold pieces
  5956 | D:7      | Bought a scroll of remove curse for 42 gold pieces
  6476 | D:8      | Got a brightly glowing long sword
  6767 | D:8      | Reached XP level 10. HP: 91/91 MP: 12/12
  7342 | D:9      | Identified the +5 long sword of Meikles {antimagic, -Tele
                  | rN+++ SInv Stlth-} (You found it on level 8 of the Dungeon)
  7391 | D:9      | Reached skill level 10 in Axes
  7574 | D:9      | Reached ***** piety under Makhleb
  7586 | D:9      | Noticed a two-headed ogre
  7640 | D:9      | HP: 4/92 [two-headed ogre/+0 giant spiked club (13)]
  7641 | D:9      | Slain by a two-headed ogre

Skill      XL: |  1  2  3  4  5  6  7  8  9 10 |
---------------+-------------------------------+-----
Axes           | 3 4 5 6 8 9 10 | 10.1
Fighting       | 3 4 5 6 |  6.3
Armour         | 4 5 6 7 |  7.6
Shields        | 4 5 6 7 |  7.6
Invocations    | 2 4 6 |  6.8

Action                   |  1- 3 |  4- 6 |  7- 9 | 10-12 || total
-------------------------+-------+-------+-------+-------++-------
Melee: War axe           |    86 |   266 |   525 |   143 ||  1020
       Unarmed           |       |     2 |       |       ||     2
Invok: Minor Destruction |       |       |     3 |     1 ||     4
 Abil: Heal Wounds       |     1 |     2 |     6 |       ||     9
  Use: Scroll            |       |       |     5 |     1 ||     6
  Eat: Chunk             |       |     6 |    15 |     3 ||    24
Armor: Scale mail        |    35 |   125 |    79 |       ||   239
       Plate armour      |       |       |   129 |    52 ||   181
Dodge: Dodged            |    25 |    94 |   119 |    14 ||   252
Block: Shield            |    49 |   176 |   299 |   113 ||   637
       Reflection        |       |       |       |     5 ||     5
